Map: Arctic Dream LE

Players

KRrum - Winner!

  • Race: Zerg Zerg
  • League: Platinum
  • Spawn Location: 6:00

Revelation - Winner!

  • Race: Terran Terran
  • League: Diamond
  • Spawn Location: 5:00

attila

  • Race: Protoss Protoss
  • Spawn Location: 11:00

Витязь

  • Race: Terran Terran
  • League: Silver
  • Spawn Location: 12:00

VOD

Have the link to the VOD?

Description

2v2 Cheese build

Time

  • Played on: July 29, 2022, 6:29 a.m.
  • Length: 10:05
Show
View Real Time Build Order
Export as new Build Order

KRrum Zerg - Winner!

Build Orders: Hatch First 

Get SALT Encoding   

  12  0:00  Drone  
  13  0:12  Overlord  
  13  0:16  Drone  
  14  0:31  Drone x2  
  16  0:36  Drone  
  17  0:51  Drone  
  17  0:56  Hatchery  
  17  0:59  Drone  
  18  1:07  Extractor, Drone  
  18  1:28  Drone  
  18  1:30  Hatchery  
  18  1:31  Drone  
  19  1:38  Overlord  
  19  1:49  Drone  
  20  2:03  Drone  
  21  2:11  Drone  
  21  2:13  Hatchery  
  21  2:20  Spawning Pool  
  20  2:23  Drone  
  20  2:29  Drone x2  
  23  2:32  Extractor  
  23  2:33  Drone  
  23  2:39  Drone  
  23  2:41  Drone  
  23  2:43  Drone  
  26  2:46  Drone  
  27  2:54  Drone  
  27  2:55  Drone x2  
  30  3:07  Drone x3  
  33  3:13  Queen  
  33  3:17  Queen  
  37  3:24  Lair  
  37  3:25  Drone  
  38  3:27  Drone  
  38  3:29  Drone  
  38  3:32  Drone  
  38  3:34  Drone  
  42  3:35  Drone  
  42  3:37  Drone  
  42  3:41  Drone x2  
  45  3:45  Drone x2  
  48  3:49  Overlord  
  48  3:57  Overlord x2  
  48  4:03  Overlord x2  
  48  4:11  Drone x6  
  54  4:22  Spire  
  54  4:23  Spire, Drone  
  53  4:24  Drone  
  54  4:33  Drone x6  
  60  4:40  Drone  
  60  4:41  Drone x3  
  60  4:43  Queen  
  60  4:45  Queen  
  68  4:56  Drone x2  
  68  4:57  Overlord x2  
  70  5:04  Extractor  
  70  5:05  Extractor  
  68  5:09  Extractor  
  68  5:11  Extractor  
  68  5:12  Extractor, Drone x2  
  68  5:13  Extractor, Drone x6  
  72  5:19  Drone  
  72  5:20  Drone x5  
  78  5:35  Corruptor  
  78  5:36  Corruptor x3  
  78  5:38  Drone  
  78  5:39  Drone  
  88  5:50  Drone x3  
  88  5:56  Drone  
  88  5:57  Drone x6  
  94  6:01  Zerg Flyer Weapons Level 1, Zerg Flyer Armor Level 1  
  98  6:05  Infestation Pit  
  98  6:10  Drone x4  
  98  6:11  Drone x2  
  103  6:16  Overlord  
  103  6:17  Overlord x3  
  103  6:24  Overlord x3  
  103  6:37  Corruptor x5  
  103  6:38  Corruptor x2  
  117  6:55  Corruptor  
  117  6:56  Corruptor x3  
  125  7:10  Mutalisk x4  
  133  7:19  Mutalisk x2  
  133  7:21  Drone x5  
  133  7:22  Drone  
  143  7:27  Drone x2  
  143  7:28  Drone  
  146  7:33  Overlord  
  146  7:43  Mutalisk x3  
  146  7:44  Mutalisk  
  154  8:06  Drone x2  
  154  8:07  Drone x2  
  154  8:10  Extractor, Hatchery  
  156  8:13  Overlord  
  156  8:14  Overlord x7  
  156  8:15  Extractor  
  155  8:32  Mutalisk x6  
  167  8:52  Mutalisk  
  167  8:53  Mutalisk x4  
  167  8:54  Mutalisk x3  
  183  9:06  Corruptor x3  
  189  9:24  Drone x2  
  191  9:26  Mutalisk  
  191  9:27  Mutalisk x3  
Show
View Real Time Build Order
Export as new Build Order

Revelation Terran - Winner!

Build Orders:  

Get SALT Encoding   

  12  0:00  SCV  
  13  0:13  SCV  
  14  0:20  Supply Depot  
  14  0:25  SCV  
  15  0:41  SCV  
  15  0:42  Barracks  
  16  0:45  Refinery  
  16  0:53  SCV  
  17  1:06  SCV  
  18  1:18  SCV  
  19  1:28  Barracks  
  19  1:30  Barracks  
  19  1:31  Reaper  
  20  1:34  Orbital Command  
  20  1:40  Refinery  
  20  1:49  Supply Depot  
  20  2:01  SCV  
  20  2:05  Reaper  
  22  2:19  Supply Depot  
  22  2:20  Reaper  
  22  2:21  Reaper  
  24  2:26  Barracks  
  24  2:37  Reaper  
  24  2:43  Barracks  
  25  2:48  SCV  
  26  2:53  Reaper x2  
  28  3:05  Supply Depot  
  28  3:09  Reaper  
  28  3:10  Barracks  
  29  3:42  Reaper x2  
  29  3:43  Reaper x3  
  34  3:59  Supply Depot, Reaper  
  32  4:14  Reaper  
  33  4:24  Reaper x3  
  36  4:32  Barracks  
  36  4:35  Barracks  
  36  4:52  Reaper x2  
  38  4:53  Reaper  
  35  5:45  SCV  
  35  5:46  Barracks Tech Lab x2  
  35  5:47  Barracks Reactor x4  
  36  5:57  Factory, SCV, Barracks Reactor  
  36  6:03  Barracks Reactor  
  36  6:05  Engineering Bay  
  36  6:07  Command Center  
  30  6:30  Marine x2  
  30  6:31  Marine x4  
  30  6:32  Marine  
  35  6:37  SCV  
  35  6:40  Marine  
  34  6:47  Stimpack  
  34  6:53  Combat Shield  
  34  6:56  SCV  
  35  7:04  Marine x3  
  35  7:05  Marine x8  
  35  7:06  Marine x2  
  48  7:13  Starport  
  48  7:16  Factory Reactor  
  48  7:18  Command Center  
  48  7:24  Marine  
  48  7:25  Marine x4  
  53  7:40  Orbital Command  
  53  7:44  SCV  
  54  7:48  Refinery  
  54  7:53  Marine x5  
  54  7:54  Marine  
  54  7:55  Marine x2  
  54  7:56  SCV  
  63  8:06  SCV  
  63  8:08  SCV  
  63  8:09  Medivac  
  67  8:15  Medivac  
  67  8:18  SCV, Factory Tech Lab  
  70  8:29  Marine x2, SCV  
  70  8:30  SCV  
  70  8:31  Marine x5  
  70  8:32  Refinery, Marine  
  70  8:33  Concussive Shells  
  80  8:40  Marine x2  
  82  8:42  SCV  
  83  8:50  SCV  
  83  8:51  Orbital Command  
  83  8:54  SCV  
  85  9:13  Supply Depot  
  85  9:16  Supply Depot  
  85  9:28  Supply Depot  
  85  9:30  Engineering Bay, Supply Depot x2  
  85  9:34  Medivac x2, Marine x2, Armory  
  85  9:35  SCV x2  
  85  9:36  Supply Depot  
  85  9:38  Marine x5  
  101  9:40  Supply Depot  
  101  9:49  SCV x3  
Show
View Real Time Build Order
Export as new Build Order

attila Protoss 

Build Orders: Carrier Rush 

Get SALT Encoding   

  12  0:01  Probe (Chrono Boost)  
  13  0:12  Probe (Chrono Boost)  
  14  0:16  Probe (Chrono Boost)  
  15  0:30  Pylon  
  15  0:52  Forge  
  15  0:58  Gateway  
  15  1:01  Probe  
  16  1:16  Probe  
  17  1:34  Photon Cannon  
  17  1:41  Probe  
  17  1:46  Nexus  
  18  1:51  Zealot  
  20  1:54  Cybernetics Core  
  20  2:03  Assimilator  
  20  2:05  Assimilator  
  20  2:17  Pylon  
  20  2:23  Photon Cannon  
  20  2:38  Probe (Chrono Boost)  
  21  2:48  Probe (Chrono Boost)  
  22  2:53  Probe (Chrono Boost)  
  23  2:58  Probe (Chrono Boost)  
  24  3:10  Probe (Chrono Boost)  
  25  3:13  Stargate  
  25  3:15  Probe (Chrono Boost)  
  25  3:16  Pylon  
  26  3:25  Probe  
  27  3:27  Assimilator  
  27  3:37  Pylon, Probe  
  27  3:39  Photon Cannon  
  28  3:46  Pylon  
  28  4:04  Pylon  
  28  4:06  Fleet Beacon  
  28  4:11  Photon Cannon  
  28  4:18  Photon Cannon  
  28  4:28  Photon Cannon  
  28  4:32  Probe  
  29  4:39  Photon Cannon  
  29  4:47  Pylon  
  29  4:57  Carrier (Chrono Boost)  
  34  5:15  Stargate  
  27  5:49  Fleet Beacon  
  27  5:55  Photon Cannon  
  27  6:12  Pylon  
  27  6:17  Probe  
  28  6:38  Probe (Chrono Boost)  
  30  6:48  Probe (Chrono Boost)  
  30  6:50  Assimilator  
  30  6:53  Probe (Chrono Boost)  
  31  7:04  Probe  
  26  7:20  Photon Cannon  
  26  7:25  Pylon  
  26  7:31  Carrier  
  32  7:41  Probe (Chrono Boost)  
  32  7:43  Carrier  
  40  7:52  Probe (Chrono Boost)  
  40  7:56  Probe (Chrono Boost)  
  40  7:57  Photon Cannon  
  41  8:05  Photon Cannon  
  41  8:08  Probe (Chrono Boost)  
  43  8:13  Probe (Chrono Boost)  
  43  8:19  Probe (Chrono Boost)  
  44  8:21  Protoss Air Weapons Level 1 (Chrono Boost)  
  44  8:22  Probe (Chrono Boost)  
  45  8:38  Carrier  
  51  9:11  Photon Cannon  
  51  9:13  Pylon  
Show
View Real Time Build Order
Export as new Build Order

Витязь Terran 

Build Orders: Command Center First (CC) 

Get SALT Encoding   

  12  0:00  SCV  
  13  0:15  Supply Depot  
  13  0:18  SCV  
  14  0:30  SCV  
  15  0:55  Command Center  
  15  0:58  SCV  
  16  1:10  SCV  
  17  1:13  Barracks  
  17  1:22  SCV  
  18  1:25  Refinery  
  18  1:30  Refinery  
  18  1:36  SCV  
  19  1:45  Supply Depot  
  19  1:58  SCV  
  20  2:11  Orbital Command  
  20  2:22  Factory  
  20  2:25  Marine  
  21  2:32  Orbital Command  
  21  2:42  Refinery  
  21  2:45  SCV  
  22  2:57  SCV  
  23  2:59  Marine  
  24  3:06  Widow Mine  
  26  3:15  Starport  
  26  3:17  Starport  
  26  3:23  Marine  
  20  3:39  Hellion  
  20  3:41  Marine  
  18  3:43  SCV  
  13  3:49  SCV  
  13  3:55  SCV  
  13  4:00  Hellion  
  8  4:19  Liberator  
  3  5:20  SCV  
  4  5:22  SCV  
  5  5:32  SCV  
  5  5:34  SCV  
  1  7:03  Viking  
  3  7:10  SCV x2  
  5  7:22  SCV  
Tags
 
Add a new tag
Caveats
  • Supply blocks, unpowered buildings, or Contaminate may cause inaccurate times.
  • Supply counts are checked every 10 seconds.